AoeStats
← GDL Checock10

Oasis

508477315Analyzed
4v4 RM · 9d ago on Sep 22, 2026· 47m 45s· 8 players
Game mode
Random Map
Map size
Large (8 player)
Population
200
Speed
Normal
Resources
Standard
Victory
Conquest
Starting age
Dark Age
Ending age
Imperial Age
RankedLock teamsTeams togetherTeam positionsShared explorationLock speedFull tech treeHidden civsTurbo modeCheats
Victory
Defeat
🇲🇽 Varangians · Mexico
1531
+13
🇲🇽 Britons · Mexico
1478
+15
🇨🇴 Saracens · Colombia
1432
+17
🇲🇽 Italians · Mexico
1363
+20
🇨🇭 Berbers · Switzerland
1479
-17
🇲🇽 Spanish · Mexico
1466
-17
🇨🇴 Gurjaras · Colombia
1444
-16
🇹🇷 Persians · Türkiye
1419
-15
robecha18
6:47 Loom
9:18 Feudal Age
10:31 Double-Bit Axe
15:46 Fletching
16:15 Padded Archer Armor
23:46 Castle Age
23:27 Stone Mining
23:37 Gold Mining
24:59 Thumb Ring
26:15 Bow Saw
27:13 Bodkin Arrow
33:20 Leather Archer Armor
33:10 Elite Skirmisher
35:24 Husbandry
38:21 Bloodlines
37:57 Horse Collar
39:03 Wheelbarrow
38:47 Heavy Plow
41:07 Stone Shaft Mining
43:00 Hand Cart
45:59 Imperial Age
[MLTS] RKotzen
10:52 Feudal Age
9:08 Loom
14:16 Castle Age
12:55 Double-Bit Axe
14:34 Scale Barding Armor
15:00 Forging
19:35 Bow Saw
22:05 Husbandry
23:20 Horse Collar
24:44 Fervor
28:46 Wheelbarrow
29:00 Bloodlines
30:13 Chain Barding Armor
30:31 Iron Casting
31:43 Heavy Plow
32:59 Fletching
41:04 Imperial Age
38:53 Hand Cart
38:31 Gold Mining
38:32 Stone Mining
40:47 Kshatriyas
41:15 Heavy Camel Rider
42:31 Plate Barding Armor
klostrofobikköstebek
9:38 Feudal Age
14:30 Castle Age
15:21 Scale Barding Armor
17:59 Loom
28:30 Forging
28:53 Bloodlines
29:28 Husbandry
31:00 Chain Barding Armor
32:57 Horse Collar
33:10 Double-Bit Axe
36:04 Wheelbarrow
37:06 Iron Casting
37:45 Hand Cart
38:10 Heavy Plow
38:36 Bow Saw
43:35 Imperial Age
41:11 Gold Mining
41:13 Stone Mining
42:38 Gold Shaft Mining
42:39 Stone Shaft Mining
43:13 Cavalier
44:30 Plate Barding Armor
44:56 Blast Furnace
45:08 Savar
46:17 Kamandaran
46:22 Padded Archer Armor
46:46 Ballistics
46:19 Fletching
46:28 Crossbowman
47:24 Thumb Ring
48:25 Leather Archer Armor
48:06 Bodkin Arrow
Guggus3
6:16 Loom
8:56 Feudal Age
10:42 Double-Bit Axe
15:43 Fletching
21:01 Castle Age
21:55 Bodkin Arrow
22:32 Bloodlines
23:04 Bow Saw
26:16 Padded Archer Armor
26:24 Horse Collar
28:48 Husbandry
33:18 Heavy Plow
33:45 Ballistics
40:04 Imperial Age
38:10 Wheelbarrow
38:48 Scale Barding Armor
40:08 Cavalier
41:09 Conscription
41:04 Gold Mining
42:01 Scale Barding Armor
43:15 Forging
43:27 Chain Barding Armor
44:53 Plate Barding Armor
45:51 Forging
[GDL]Cucumber
10:04 Feudal Age
13:40 Scale Barding Armor
14:59 Forging
16:51 Loom
20:38 Castle Age
19:05 Double-Bit Axe
19:12 Gold Mining
20:28 Bloodlines
20:41 Light Cavalry
21:42 Chain Barding Armor
22:07 Husbandry
25:14 Iron Casting
30:13 Wheelbarrow
32:33 Hand Cart
38:00 Imperial Age
36:38 Town Watch
37:24 Stone Mining
38:28 Bow Saw
38:01 Horse Collar
38:59 Stone Shaft Mining
39:15 Heavy Plow
40:27 Plate Barding Armor
39:14 Cavalier
41:21 Blast Furnace
44:20 Conscription
[GDL] MancazoPaTodo!
5:46 Loom
9:20 Feudal Age
15:49 Fletching
21:23 Castle Age
21:08 Double-Bit Axe
22:00 Bodkin Arrow
21:28 Crossbowman
24:44 Ballistics
26:50 Horse Collar
27:42 Bow Saw
32:42 Padded Archer Armor
36:07 Wheelbarrow
35:39 Heavy Plow
37:17 Leather Archer Armor
37:19 Hand Cart
36:49 Town Watch
40:53 Imperial Age
39:53 Yeomen
41:35 Bracer
40:56 Arbalester
42:43 Chemistry
43:09 Conscription
42:47 Gold Mining
42:48 Stone Mining
44:46 Two-Man Saw
44:18 Ring Archer Armor
48:10 Hoardings
[GDL]HULKMEN_GT
6:19 Loom
8:52 Feudal Age
14:33 Horse Collar
15:01 Fletching
16:02 Double-Bit Axe
18:57 Padded Archer Armor
25:43 Castle Age
23:54 Gold Mining
26:14 Wheelbarrow
25:58 Crossbowman
26:44 Thumb Ring
31:20 Imperial Age
30:24 Gold Shaft Mining
30:00 Bow Saw
29:52 Heavy Plow
30:11 Bodkin Arrow
32:12 Ballistics
32:09 Leather Archer Armor
32:14 Arbalester
34:51 Bracer
37:06 Ring Archer Armor
38:17 Chemistry
38:30 Hand Cart
39:12 Stone Mining
42:07 Elite Mameluke
44:38 Scale Barding Armor
GDL Checock10
6:08 Loom
8:25 Feudal Age
9:11 Double-Bit Axe
9:56 Horse Collar
14:23 Forging
17:26 Scale Barding Armor
22:41 Castle Age
21:40 Scale Mail Armor
22:07 Gold Mining
23:17 Wheelbarrow
23:46 Chain Mail Armor
23:58 Bow Saw
23:56 Squires
27:04 Heavy Plow
27:09 Arson
34:04 Iron Casting
37:23 Gambesons
38:14 Herbal Medicine
39:25 Hand Cart
40:15 Town Watch
44:46 Imperial Age
46:15 Plate Mail Armor
47:11 Blast Furnace
45:38 Elite Varangian Guard
Connection lost

Rejoining the realm…

Still unreachable

The connection could not be restored.

Session expired

The server has moved on; the page needs a fresh start.